 Dungeon Crawl Stone Soup version 0.25.1-3-ge44b62a0b3 (webtiles) character file.

Game seed: 3716921825745825240

145393 KamiKatze the Eclecticist (level 16, -6/94 HPs)
             Began as a Deep Elf Conjurer on Nov 23, 2020.
             Was the Champion of Vehumet.
             Mangled by a ghost moth (8 damage)
             ... on level 3 of the Spider Nest on Nov 24, 2020.
             The game lasted 03:49:04 (32681 turns).

KamiKatze the Eclecticist (Deep Elf Conjurer)      Turns: 32681, Time: 03:49:04

Health: -6/94      AC: 13    Str:  6 (8)  XL:     16   Next: 87%
Magic:  0/39       EV: 19    Int: 31 (32) God:    Vehumet [******]
Gold:   2413       SH: 15    Dex: 19 (21) Spells: 17/49 levels left

rFire    . . .     SeeInvis .   b - staff of conjuration
rCold    . . .     Gourm    .   N - +2 kite shield
rNeg     . . .     Faith    .   A - +2 robe {MR+}
rPois    .         Spirit   .   T - +2 hat
rElec    +         Reflect  .   l - +0 cloak
rCorr    .         Harm     .   R - +2 pair of gloves
MR       ++...                  Z - +2 pair of boots
Stlth    ++........             a - amulet "Woirrass" {rElec Regen+ Str+3 Int+4 Stlth-}
HPRegen  0.65/turn              o - +4 ring of evasion
MPRegen  0.26/turn              y - +6 ring of dexterity

@: lethally poisoned (-6 -> -48)
A: no striking features
a: Renounce Religion


You were on level 3 of the Spider Nest.
You worshipped Vehumet.
Vehumet was exalted by your worship.
You were not hungry.

You visited 6 branches of the dungeon, and saw 28 of its levels.
You also visited: Gauntlet.

You collected 2413 gold pieces.

Inventory:

Hand Weapons
 g - a +3 dagger of holy wrath
Missiles
 t - 8 atropa-tipped darts (quivered)
 P - 25 poisoned darts
Armour
 l - a +0 cloak (worn)
 A - a +2 robe of magic resistance (worn)
 F - a +0 troll leather armour
 G - a +1 robe of resistance
 N - a +2 kite shield (worn)
 R - a +2 pair of gloves (worn)
 T - a +2 hat (worn)
 Z - a +2 pair of boots (worn)
Magical Staves
 b - an uncursed staff of conjuration (weapon)
 h - an uncursed staff of death
 x - an uncursed staff of energy
Jewellery
 a - the amulet "Woirrass" (around neck) {rElec Regen+ Str+3 Int+4 Stlth-}
   (You found it on level 15 of the Dungeon)

   [amulet of regeneration]

   It affects your strength (+3).
   It affects your intelligence (+4).
   It insulates you from electricity.
   It increases your rate of regeneration.
   It makes you less stealthy.
 i - an uncursed ring of fire
 o - a +4 ring of evasion (left hand)
 q - an uncursed ring of positive energy
 y - a +6 ring of dexterity (right hand)
 B - an uncursed ring of ice
 H - an uncursed ring of wizardry
 S - the amulet "Satahobabu" {Acrobat rPois rF++ MP+9, unknown}
   (You found it on level 2 of the Spider Nest)

   [amulet of the acrobat]

   It helps you evade while moving and waiting.
   It greatly protects you from fire.
   It protects you from poison.
   It affects your magic capacity (+9).
 W - an uncursed amulet of guardian spirit {unknown}
Wands
 z - a wand of disintegration (7)
 D - a wand of polymorph (7)
 J - a wand of flame (48)
 M - a wand of digging (11)
 Q - a wand of iceblast (6)
 X - a wand of clouds (8)
Scrolls
 j - 5 scrolls of fear
 m - 8 scrolls of teleportation
 p - 5 scrolls of magic mapping
 s - 12 scrolls of remove curse
 C - a scroll of fog
 V - 4 scrolls of blinking
 Y - 2 scrolls of enchant armour
Potions
 d - 7 potions of curing
 e - 2 potions of heal wounds
 f - 2 potions of lignification
 k - 3 potions of resistance
 n - 5 potions of might
 r - a potion of ambrosia
 u - 4 potions of brilliance
 v - 4 potions of stabbing
 w - 2 potions of haste
 E - a potion of invisibility {unknown}
 I - 2 potions of magic
 K - 3 potions of berserk rage
 L - 5 potions of flight
 U - a potion of cancellation {unknown}
Comestibles
 c - 48 rations


   Skills:
 + Level 8.4 Fighting
 - Level 4.0 Dodging
 - Level 4.0 Stealth
 - Level 15.5 Shields
 * Level 17.0 Spellcasting
 * Level 15.1 Conjurations
 - Level 7.0 Hexes
 - Level 2.0 Charms
 - Level 7.0 Translocations
 - Level 2.0 Transmutations
 * Level 5.0 Fire Magic
 * Level 6.0 Earth Magic


You had 17 spell levels left.
You knew the following spells:

 Your Spells              Type           Power        Failure   Level  Hunger
a - Magic Dart            Conj           ####         0%          1    None
b - Searing Ray           Conj           ######       0%          2    None
c - Fulminant Prism       Conj/Hex       #######...   1%          4    None
d - Iskenderun's Mystic   Conj/Tloc      #######.     1%          4    None
e - Irradiate             Conj/Tmut      #######...   1%          5    None
f - Iskenderun's Battles  Conj/Chrm      #######.     1%          5    None
g - Iron Shot             Conj/Erth      #######...   1%          6    ##.....
h - Bolt of Magma         Conj/Fire/Erth #######...   1%          5    None

Your spell library contained the following spells:

 Spells                   Type           Power        Failure   Level  Hunger
 Yara's Violent Unravell  Hex/Tmut       ######....   1%          5    None
 Foxfire                  Conj/Fire      ####         1%          1    None
 Freeze                   Ice            ####         1%          1    None
 Sting                    Tmut/Pois      ####         1%          1    None
 Blink                    Tloc           N/A          1%          2    None
 Conjure Flame            Conj/Fire      #######.     1%          3    None
 Dazzling Flash           Conj/Hex       ######       1%          3    None
 Frozen Ramparts          Ice            ####..       1%          3    None
 Ignite Poison            Fire/Tmut/Pois #####...     1%          3    None
 Inner Flame              Hex/Fire       ######..     1%          3    None
 Mephitic Cloud           Conj/Pois/Air  ######..     1%          3    None
 Portal Projectile        Hex/Tloc       ######       1%          3    None
 Recall                   Summ/Tloc      N/A          1%          3    None
 Stone Arrow              Conj/Erth      ######       1%          3    None
 Hailstorm                Conj/Ice       #######.     1%          4    None
 Passage of Golubria      Tloc           N/A          1%          4    None
 Sticky Flame             Conj/Fire      #######.     1%          4    None
 Fireball                 Conj/Fire      #######...   1%          5    None
 Starburst                Conj/Fire      #######...   1%          6    ##.....
 Poisonous Vapours        Pois/Air       ####..       2%          2    None
 Ozocubu's Armour         Chrm/Ice       ####....     3%          3    None
 Olgreb's Toxic Radiance  Pois           ####....     4%          4    None
 Borgnjor's Vile Clutch   Necr/Erth      #####.....   13%         5    None
 Animate Dead             Necr           N/A          16%         4    None
 Summon Ice Beast         Ice/Summ       ####....     16%         4    None
 Death Channel            Necr           ####......   94%         6    ##.....
 Simulacrum               Ice/Necr       ####......   94%         6    ##.....


Dungeon Overview and Level Annotations

Branches:
Dungeon (15/15)            Temple (1/1) D:7            Lair (6/6) D:11
  Swamp (1/4) Lair:2       Spider (3/4) Lair:4        Slime (0/5) Lair:6
    Orc (2/2) D:12            Elf (0/3) Orc:2        Vaults (0/5) D:14
 Depths (0/5) D:15        Gauntlet (visited)

Altars:
Ashenzari
Cheibriados
Dithmenos
Elyvilon
Fedhas
Gozag
Hepliaklqana
Kikubaaqudgha
Makhleb
Nemelex Xobeh
Okawaru
Qazlal
Ru
Sif Muna
Trog
Uskayaw
Vehumet
Wu Jian
Xom
Yredelemnul
Zin
The Shining One
Jiyva

Shops:
D:9 *   Orc:2 (((}%

Annotations:
D:12 1 runed translucent door, Thomus's ghost, journeyman HOFi
Swamp:1 Roxanne
Spider:1 1 exclusion


Message History

Your fulminant prism explodes!
Unknown command.
You feel you are being watched by something.
You feel your power leaking away. Something completely misses you.
Something hits you.
* * * LOW HITPOINT WARNING * * *
Something stings you.
* * * LOW HITPOINT WARNING * * *
You are lethally poisoned!
Something poisons you!
* * * LOW HITPOINT WARNING * * *
You feel very sick. Something hits you.
* * * LOW HITPOINT WARNING * * *
Something hits you!
* * * LOW HITPOINT WARNING * * *
Something barely misses you. Something hits you.
* * * LOW HITPOINT WARNING * * *
Something hits you!
You die...

#...####......# ##......#
###.(..#......### ## ####..####
#......#.....##.##.## #..#.<.##.
##............#......###.........
#.............#.......#..........
#....###.....†#.....# ##....(....
#......#.....††.....####..##.....
#......#.....#........##..#......
#.........##.†..@.....####.......
#...###..##..........## #.......
#.### #####..#...................
### #..##...>..............
#####...#..............
#####.............. .............
....


There were no monsters in sight!

Vanquished Creatures
  Jorgrun (D:15)
  Frances (Spider:2)
  Kirke (Lair:5)
  Donald (Spider:2)
  3 emperor scorpions
  An entropy weaver (Spider:1)
  A dire elephant (D:15)
  Snorg (Lair:5)
  An ogre mage (Orc:1)
  Josephine (D:10)
  A great orb of eyes (D:15)
  13 hydras
  4 vault guards (D:14)
  A death knight (D:15)
  2 centaur warriors
  4 catoblepae (Lair:6)
  10 two-headed ogres
  9 death yaks
  A tengu warrior (D:15)
  3 orc high priests (Orc:2)
  2 unseen horrors
  5 skeletal warriors
  A wizard (D:14)
  10 orc knights
  15 wolf spiders
  An oklob plant (D:11)
  5 orc sorcerers
  A deep elf mage (D:14)
  13 orb spiders
  13 ugly things
  3 manticores
  8 cyclopes
  18 elephants
  3 gargoyles
  2 centaur zombies
  A black mamba (Lair:1)
  9 spiny frogs
  A torpor snail (Lair:3)
  6 rime drakes
  7 komodo dragons
  6 demonic crawlers
  A tengu conjurer (D:14)
  14 trolls
  A polar bear (Lair:2)
  17 jumping spiders
  Prince Ribbit (D:7)
  4 hornets
  9 blink frogs
  4 slime creatures (D:13)
  4 dream sheep (Lair:6)
  A bog body (Swamp:1)
  15 hippogriffs
  Sigmund (D:5)
  5 wraiths (D:10)
  41 redbacks
  17 tarantellas
  10 hogs
  A human (D:8)
  47 yaks
  8 wyverns
  2 shadows
  5 basilisks (Lair:4)
  2 hungry ghosts
  Menkaure (D:5)
  2 steam dragons
  5 swamp worms (Lair:2)
  Duvessa (D:5)
  13 water moccasins
  4 porcupines
  A swamp drake (D:12)
  3 ice beasts
  6 sky beasts
  3 phantoms
  28 orc warriors
  3 black bears
  An eye of draining (D:14)
  A necrophage (D:12)
  10 wolves
  14 ogres
  16 centaurs
  10 crocodiles
  3 big kobolds
  8 bullfrogs
  A wyvern zombie (D:7)
  Dowan (D:5)
  3 wyvern skeletons
  4 scorpions
  A water moccasin skeleton (D:6)
  18 killer bees
  22 wights
  9 howler monkeys
  8 electric eels
  2 lava snakes (Lair:1)
  A bullfrog zombie (D:11)
  8 crimson imps
  4 hounds
  3 jellies
  5 centaur skeletons
  17 orc priests
  2 bullfrog skeletons
  11 worker ants
  6 iguanas
  32 orc wizards
  A hound skeleton (D:9)
  3 gnolls (D:9)
  15 adders
  5 shadow imps
  An ooze (D:7)
  An adder zombie (D:6)
  2 worms (D:3)
  An adder skeleton (D:4)
  A dart slug (D:1)
  3 leopard geckos
  93 orcs
  2 ball pythons
  7 giant cockroaches
  4 goblins
  3 hobgoblins
  8 jackals
  22 kobolds
  4 quokkas
  10 bats
  3 frilled lizards
  A giant cockroach zombie (D:5)
  A leopard gecko skeleton (D:8)
  2 leopard gecko zombies
  A quokka skeleton (D:6)
  8 rats
  A bush (Lair:6)
  A fire vortex (Lair:1)
  2 fulminant prisms
  18 fungi
  17 plants
932 creatures vanquished.

Vanquished Creatures (others)
  A wolf spider (Spider:2)
  A bush (Lair:4)
  12 demonic plants (Gauntlet)
  470 fulminant prisms
  14 fungi
  6 plants (Lair:6)
504 creatures vanquished.

Grand Total: 1436 creatures vanquished

Notes
Turn   | Place    | Note
-------+----------+-------------------------------------------
     0 | D:1      | KamiKatze the Deep Elf Conjurer began the quest for the
                  | Orb.
     0 | D:1      | Reached XP level 1. HP: 10/10 MP: 6/6
   222 | D:1      | Reached XP level 2. HP: 16/16 MP: 2/8
   231 | D:1      | Learned a level 2 spell: Searing Ray
   754 | D:2      | Reached XP level 3. HP: 15/20 MP: 7/10
   829 | D:2      | Reached skill level 4 in Spellcasting
   907 | D:2      | Reached skill level 5 in Conjurations
   945 | D:2      | Reached skill level 1 in Fighting
  1185 | D:2      | Reached XP level 4. HP: 15/25 MP: 9/12
  1461 | D:2      | Learned a level 4 spell: Fulminant Prism
  1466 | D:2      | Learned a level 4 spell: Iskenderun's Mystic Blast
  1553 | D:3      | Found a faded altar of an unknown god.
  1747 | D:3      | Reached skill level 5 in Spellcasting
  1747 | D:3      | Reached XP level 5. HP: 29/29 MP: 10/14
  1794 | D:3      | Learned a level 3 spell: Dazzling Flash
  1973 | D:3      | Found a sparkling altar of Nemelex Xobeh.
  2138 | D:3      | Reached skill level 1 in Hexes
  2395 | D:4      | Reached skill level 1 in Translocations
  2546 | D:4      | Reached XP level 6. HP: 35/35 MP: 8/16
  3292 | D:5      | Entered Level 5 of the Dungeon
  3293 | D:5      | Noticed Menkaure
  3300 | D:5      | Killed Menkaure
  3300 | D:5      | Reached skill level 6 in Spellcasting
  3300 | D:5      | Reached XP level 7. HP: 13/40 MP: 11/18
  3822 | D:5      | Found a bloodstained altar of Trog.
  4148 | D:5      | Reached XP level 8. HP: 45/45 MP: 14/20
  4211 | D:5      | Found a stormy altar of Qazlal.
  4373 | D:5      | Reached skill level 7 in Spellcasting
  4562 | D:5      | Noticed Sigmund
  4573 | D:5      | Killed Sigmund
  4573 | D:5      | Reached skill level 5 in Hexes
  4593 | D:5      | Noticed Duvessa
  4644 | D:5      | Killed Duvessa
  4647 | D:5      | Noticed Dowan
  4657 | D:5      | Killed Dowan
  5065 | D:6      | Reached skill level 5 in Translocations
  5130 | D:6      | Reached skill level 8 in Spellcasting
  5231 | D:6      | Reached XP level 9. HP: 51/51 MP: 15/23
  6415 | D:7      | Reached skill level 9 in Spellcasting
  6619 | D:7      | Found a staircase to the Ecumenical Temple.
  6628 | Temple   | Entered the Ecumenical Temple
  6791 | Temple   | Became a worshipper of Vehumet
  7040 | D:7      | Noticed a two-headed ogre
  7061 | D:7      | Killed a two-headed ogre
  7061 | D:7      | Reached skill level 10 in Spellcasting
  7496 | D:7      | Killed an unseen horror
  7496 | D:7      | Reached skill level 10 in Conjurations
  7496 | D:7      | Reached XP level 10. HP: 55/58 MP: 15/26
  7528 | D:7      | Noticed a two-headed ogre
  7641 | D:7      | Noticed Prince Ribbit
  7683 | D:7      | Killed Prince Ribbit
  7683 | D:7      | Reached skill level 11 in Spellcasting
  8227 | D:7      | Killed a two-headed ogre
  8227 | D:7      | Reached skill level 5 in Fighting
  8379 | D:8      | Reached * piety under Vehumet
  8379 | D:8      | Offered knowledge of Freeze by Vehumet.
  8489 | D:8      | Reached skill level 12 in Spellcasting
  9051 | D:8      | Found an iron altar of Okawaru.
  9222 | D:8      | Identified the +1 leather armour of Sientir {+Blink rN+
                  | Slay+3}
  9565 | D:9      | Found Zin's Purification Station.
  9568 | D:9      | Found a glowing silver altar of Zin.
  9589 | D:9      | Reached XP level 11. HP: 64/64 MP: 19/29
  9730 | D:9      | Found a glowing golden altar of the Shining One.
  9815 | D:9      | Reached ** piety under Vehumet
  9815 | D:9      | Offered knowledge of Shock by Vehumet.
 10375 | D:10     | Entered Level 10 of the Dungeon
 10530 | D:10     | Noticed a two-headed ogre
 10537 | D:10     | Killed a two-headed ogre
 10537 | D:10     | Reached skill level 13 in Spellcasting
 10853 | D:10     | Noticed Josephine
 11189 | D:10     | Killed Josephine
 11189 | D:10     | Reached skill level 1 in Shields
 11212 | D:10     | Offered knowledge of Stone Arrow by Vehumet.
 11620 | D:11     | Reached *** piety under Vehumet
 11632 | D:11     | Found an opulent altar of Gozag.
 11772 | D:11     | Offered knowledge of Conjure Flame by Vehumet.
 11954 | D:11     | Killed an unseen horror
 11954 | D:11     | Reached skill level 14 in Spellcasting
 12074 | D:11     | Found a staircase to the Lair.
 12075 | D:11     | Noticed an oklob plant
 12355 | D:11     | Killed an oklob plant
 12694 | Lair:1   | Entered Level 1 of the Lair of Beasts
 12734 | Lair:1   | Reached XP level 12. HP: 71/71 MP: 24/32
 13105 | Lair:1   | Reached **** piety under Vehumet
 13255 | Lair:1   | Noticed a five-headed hydra
 13292 | Lair:1   | Killed a five-headed hydra
 13751 | Lair:2   | Noticed a five-headed hydra
 13758 | Lair:2   | Killed a five-headed hydra
 13904 | Lair:2   | Offered knowledge of Irradiate by Vehumet.
 13932 | Lair:1   | Learned a level 5 spell: Irradiate
 14128 | Lair:2   | Reached skill level 15 in Spellcasting
 14253 | Lair:2   | Noticed an eight-headed hydra
 14270 | Lair:2   | Killed an eight-headed hydra
 14270 | Lair:2   | Reached skill level 1 in Transmutations
 14501 | Lair:2   | Noticed a four-headed hydra
 14512 | Lair:2   | Killed a four-headed hydra
 14563 | Lair:2   | Noticed a seven-headed hydra
 14579 | Lair:2   | Killed a seven-headed hydra
 14633 | Lair:2   | Found a staircase to the Swamp.
 14994 | Lair:3   | Noticed an eight-headed hydra
 15007 | Lair:3   | Killed an eight-headed hydra
 15079 | Lair:3   | Reached ***** piety under Vehumet
 15079 | Lair:3   | Offered knowledge of Iskenderun's Battlesphere by Vehumet.
 15088 | Lair:3   | Learned a level 5 spell: Iskenderun's Battlesphere
 15094 | Lair:3   | Reached XP level 13. HP: 76/76 MP: 21/34
 16008 | Lair:4   | Found a hole to the Spider Nest.
 16557 | Lair:4   | Reached skill level 16 in Spellcasting
 16607 | Lair:4   | Reached skill level 5 in Shields
 17208 | Lair:5   | Noticed Snorg
 17320 | Lair:5   | Noticed Kirke
 17327 | Lair:5   | Noticed a sphinx
 17424 | Lair:5   | Killed Kirke
 17541 | Lair:5   | Killed Snorg
 17576 | Lair:5   | Found a gate leading to a gauntlet.
 17585 | Gauntlet | Entered a Gauntlet
 17585 | Gauntlet | Found a transporter.
 17585 | Gauntlet | Found a transporter.
 17585 | Gauntlet | Found a transporter.
 17603 | Gauntlet | Found a transporter.
 17605 | Gauntlet | Found a transporter.
 17623 | Gauntlet | Found a transporter.
 17623 | Gauntlet | Found a transporter.
 17639 | Gauntlet | Found a transporter.
 17669 | Gauntlet | Found a runed translucent gate.
 17676 | Gauntlet | Found a large runed translucent door.
 17676 | Gauntlet | Found a large runed translucent door.
 17681 | Gauntlet | Found a large runed translucent door.
 17681 | Gauntlet | Found a large runed translucent door.
 17682 | Gauntlet | Found a large runed translucent door.
 17682 | Gauntlet | Found a large runed translucent door.
 17682 | Gauntlet | Found a runed translucent door.
 17683 | Gauntlet | Found a large runed translucent door.
 17684 | Gauntlet | Found a large runed translucent door.
 17697 | Gauntlet | Found a transporter.
 17699 | Gauntlet | Found a runed translucent door.
 17700 | Gauntlet | Found a large runed translucent door.
 17700 | Gauntlet | Found a large runed translucent door.
 17700 | Gauntlet | Found a large runed translucent door.
 17701 | Gauntlet | Found a large runed translucent door.
 17702 | Gauntlet | Found a large runed translucent door.
 17703 | Gauntlet | Found a large runed translucent door.
 17704 | Gauntlet | Found a large runed translucent door.
 17704 | Gauntlet | Found a large runed translucent door.
 17707 | Gauntlet | Found a runed translucent gate.
 17707 | Gauntlet | Found a runed translucent gate.
 17709 | Gauntlet | Found a transporter.
 17713 | Gauntlet | Found a transporter.
 17727 | Gauntlet | Found a transporter.
 18312 | Lair:6   | Entered Level 6 of the Lair of Beasts
 18342 | Lair:6   | Found a staircase to the Slime Pits.
 18342 | Lair:6   | Found a viscous altar of Jiyva.
 18952 | Lair:6   | Offered knowledge of Ozocubu's Refrigeration by Vehumet.
 18952 | Lair:6   | Reached XP level 14. HP: 84/84 MP: 14/36
 19467 | Lair:6   | Found a glowing golden altar of the Shining One.
 19966 | Lair:6   | Identified a scroll of acquirement
 19966 | Lair:6   | Acquired Sif Muna's Volume of the Traveller and Damage
                  | Dealing
 19975 | Lair:6   | Learned a level 6 spell: Iron Shot
 20094 | Lair:6   | Reached skill level 1 in Earth Magic
 20309 | Lair:6   | Reached skill level 10 in Shields
 21413 | D:12     | Found a staircase to the Orcish Mines.
 21931 | D:12     | Found a sacrificial altar of Ru.
 22068 | D:12     | Found a runed translucent door.
 22068 | D:12     | Noticed Thomus's ghost (journeyman HOFi)
 22332 | Orc:1    | Entered Level 1 of the Orcish Mines
 23001 | Orc:2    | Entered Level 2 of the Orcish Mines
 23268 | Orc:2    | Found a staircase to the Elven Halls.
 23327 | Orc:2    | Reached ****** piety under Vehumet
 23436 | Orc:2    | Found Gilal's Antique Weapon Boutique.
 23762 | Orc:2    | Reached XP level 15. HP: 88/88 MP: 26/37
 24085 | Orc:2    | Offered knowledge of Spellforged Servitor by Vehumet.
 24445 | Orc:2    | Found Uneef's Antique Weapon Emporium.
 24449 | Orc:2    | Found Axtetebe's Gadget Boutique.
 24459 | Orc:2    | Found Sorecahe's Food Boutique.
 24461 | Orc:2    | Found Beafacs's Weapon Emporium.
 25228 | D:13     | Identified the +4 quarterstaff "Ureluss" {flame, +Rage
                  | rElec rF++ Str+3}
 25388 | D:13     | Found a blossoming altar of Fedhas.
 25879 | D:13     | Offered knowledge of Bolt of Magma by Vehumet.
 25914 | D:13     | Learned a level 5 spell: Bolt of Magma
 26294 | D:14     | Reached skill level 1 in Fire Magic
 26792 | D:14     | Found a snail-covered altar of Cheibriados.
 27360 | D:14     | Found a gate to the Vaults.
 27460 | D:15     | Entered Level 15 of the Dungeon
 28308 | D:15     | Found a shattered altar of Ashenzari.
 28309 | D:15     | Noticed Jorgrun
 28469 | D:15     | Found a staircase to the Depths.
 28662 | D:15     | Reached XP level 16. HP: 93/93 MP: 21/38
 28842 | D:15     | Offered knowledge of Lightning Bolt by Vehumet.
 28947 | D:15     | Got a clouded tin amulet
 28988 | D:15     | Identified the amulet "Woirrass" {rElec Regen+ Str+3 Int+4
                  | Stlth-} (You found it on level 15 of the Dungeon)
 29226 | D:15     | Killed Jorgrun
 29721 | Swamp:1  | Entered Level 1 of the Swamp
 29721 | Swamp:1  | Noticed Roxanne
 30179 | Spider:1 | Entered Level 1 of the Spider Nest
 30185 | Spider:1 | Reached skill level 15 in Shields
 30661 | Spider:1 | Reached skill level 1 in Charms
 30948 | Spider:2 | You fall into a shaft and drop 1 floor!
 30963 | Spider:2 | Noticed Frances
 30978 | Spider:2 | Noticed Donald
 30983 | Spider:2 | Killed Frances
 30983 | Spider:2 | Reached skill level 5 in Earth Magic
 31140 | Spider:2 | Offered knowledge of Yara's Violent Unravelling by Vehumet.
 31140 | Spider:2 | Killed Donald
 31699 | Spider:2 | Got a faintly glowing pewter amulet
 31935 | Spider:3 | Reached skill level 15 in Conjurations
 32376 | Spider:3 | Reached skill level 17 in Spellcasting
 32477 | Spider:3 | Reached skill level 5 in Fire Magic
 32681 | Spider:3 | HP: 2/94 [something (6)]
 32681 | Spider:3 | Mangled by a ghost moth

Illustrated notes

Levels and vault maps discovered:
D:1:      dpeg_arrival_signposts, layout_rooms, chequers_serial_rivers_micro_b
D:2:      layout_loops_ring
D:3:      layout_loops_ring, chequers_ecumenical_altar_island,
          hangedman_feature_mirror, nemelex_xobeh_ov_fountains_minmay
D:4:      layout_loops_corners
D:5:      layout_layer_cave, bloody_trog, first_ration, grunt_qazlal_clouds,
          uniq_menkaure, uniq_sigmund, uniq_duvessa
D:6:      cheibrodos_two_vegetables, layout_basic, lemuel_flame_loot_1
D:7:      minmay_blocky_corners, layout_cave_pods, minmay_temple_entry_waves,
          uniq_prince_ribbit1
D:8:      layout_loops_ring, kennysheep_mini, grunt_livestock
D:9:      layout_irregular_city, tso_metal_star, zin_purify
D:10:     layout_cave_pods, uniq_josephine
D:11:     layout_rooms, dpeg_oklobed_lair, basic_altar
D:12:     layout_loops_ring, erik_orc_1, ebering_ghost_reflecting_pool,
          basic_altar
D:13:     layout_basic, fedhas_altar_2
D:14:     layout_roguey, grunt_vaults_entry_fortified, cheibriados_altar_1
D:15:     hangedman_depths_entry_try_elsewhere_first, layout_long_grid,
          nicolae_ashenzari_panopticon, uniq_jorgrun
Temple:   dpeg_five_rooms_temple
Lair:1:   wander_river, layout_gridlike
Lair:2:   layout_hall_layers, palyth_hydra_swamp_entry,
          infiniplex_staircase_pool_2
Lair:3:   layout_regular_city
Lair:4:   layout_loops_ring, spider_nest_entry_web_field, special_room
          [special_room_mythical_zoo]
Lair:5:   layout_cave_pods, gauntlet_entry_generic, patterned_corridor,
          uniq_snorg, uniq_kirke
Lair:6:   evilmike_catoblepas_cave, layout_misc_corridors, slime_altar_1,
          basic_altar, grunt_forest_stairs_basic
Swamp:1:  layout_basic_swamp, evilmike_swamp_ruin_house_1, uniq_roxanne
Spider:1: layout_spider_delve, spiders_nest_hornet_nest
Spider:2: layout_spider_delve, uniq_frances, uniq_donald
Spider:3: layout_spider_delve
Orc:1:    layout_caves, mines_bat_river
Orc:2:    st_orc_elflike, layout_diamond_mine, serial_shops, shop,
          nicolae_orc_flooded_monolith

Skill      XL: |  1  2  3  4  5  6  7  8  9 10 11 12 13 14 15 16 |
---------------+-------------------------------------------------+-----
Spellcasting   | 4 5 6 8 10 12 14 15 16 17 | 17.0
Conjurations   | 5 6 7 10 11 12 13 14 15 | 15.1
Fighting       | 1 2 3 4 5 6 7 8 |  8.4
Hexes          | 2 3 4 6 7 |  7.0
Translocations | 1 2 3 5 6 7 |  7.0
Dodging        | 4 |  4.0
Stealth        | 4 |  4.0
Shields        | 2 4 7 11 14 15 | 15.5
Transmutations | 2 |  2.0
Earth Magic    | 4 6 |  6.0
Fire Magic     | 2 5 |  5.0
Charms         | 2 |  2.0

Action                   |  1- 3 |  4- 6 |  7- 9 | 10-12 | 13-15 | 16-18 || total
-------------------------+-------+-------+-------+-------+-------+-------++-------
Melee: Dagger            |    17 |     1 |       |       |       |       ||    18
       Staff             |       |       |     7 |     4 |     3 |       ||    14
Throw: Dart              |       |       |       |     1 |       |     1 ||     2
 Cast: Magic Dart        |    45 |    58 |    82 |   115 |   219 |    36 ||   555
       Searing Ray       |     5 |    16 |    51 |    73 |    50 |       ||   195
       Fulminant Prism   |       |       |    20 |   147 |   269 |    36 ||   472
       Iskenderun's Myst |       |       |     4 |    49 |   179 |   102 ||   334
       Iskenderun's Batt |       |       |       |     1 |    32 |     6 ||    39
       Irradiate         |       |       |       |       |     5 |       ||     5
       Iron Shot         |       |       |       |       |    30 |    21 ||    51
       Bolt of Magma     |       |       |       |       |       |     1 ||     1
Evoke: Wand              |       |       |     7 |       |       |       ||     7
  Use: Scroll            |       |       |     2 |    20 |     6 |     5 ||    33
       Potion            |       |       |     1 |       |       |       ||     1
 Stab: Sleeping          |     1 |     1 |       |       |       |       ||     2
  Eat: Chunk             |     1 |     6 |     9 |    20 |    41 |     4 ||    81
       Ration            |       |       |     1 |     1 |     1 |     3 ||     6
Armor: Robe              |     5 |     2 |    25 |    31 |       |    26 ||    89
       Troll leather arm |       |       |       |    12 |    66 |       ||    78
Dodge: Dodged            |    18 |     5 |    58 |    63 |   140 |    72 ||   356
Block: Kite shield       |       |       |       |       |       |    45 ||    45
